 Dungeon Crawl Stone Soup version 0.17-a0-1769-g54adf96 (webtiles) character file.

92210 shakdrar the Grappler (level 15, -1/149 HPs)
             Began as a Troll Monk on Sept 7, 2015.
             Was the Champion of Okawaru.
             Slain by Aizul (17 damage)
             ... on level 1 of the Snake Pit.
             The game lasted 02:03:27 (25075 turns).

shakdrar the Grappler (Troll Monk)                 Turns: 25075, Time: 02:03:27

Health: -1/149     AC: 16    Str: 26    XL:     15   Next: 57%
Magic:  19/20      EV: 18    Int:  6    God:    Okawaru [******]
Gold:   2385       SH:  0    Dex: 14    Spells: 0 memorised, 14 levels left

rFire  + . .     SeeInvis .       - Unarmed
rCold  . . .     Clarity  .     I - +1 swamp dragon armour
rNeg   . . .     SustAt   .     (no shield)
rPois  +         Gourm    +     K - +2 hat {MR+}
rElec  .         Spirit   .     o - +1 cloak {rPois}
rCorr  .         Warding  .     (gloves unavailable)
rMut   .         Stasis   .     (boots unavailable)
MR     ++...                    (no amulet)
Stlth  ++........               y - ring of protection from fire
                                F - +4 ring of slaying

@: heroism, very resistant to hostile enchantments, unstealthy
A: unfitting armour, claws 3, fast metabolism 3, gourmand, regeneration 2,
shaggy fur 1, tough skin 2
a: Heroism, Finesse, Renounce Religion


You were on level 1 of the Snake Pit.
You worshipped Okawaru.
Okawaru was exalted by your worship.
You were not hungry.

You visited 5 branches of the dungeon, and saw 27 of its levels.
You also visited: Labyrinth and Ossuary.

You collected 2935 gold pieces.
You spent 550 gold pieces at shops.

Inventory:

Hand weapons
 G - a +1 blowgun
Missiles
 g - 66 poisoned needles
 E - 4 needles of slowing
Armour
 k - the +2 hat of Creativity {rF+ rCorr Str-3}
   (Okawaru gifted it to you on level 4 of the Orcish Mines)

   It affects your strength (-3).
   It protects you from fire.
   It protects you from acid and corrosion.
 o - a +1 cloak of poison resistance (worn)
 u - a +2 robe of magic resistance
 I - a +1 swamp dragon armour (worn)
 K - a +2 hat of magic resistance (worn)
Rods
 M - a +2 rod of the swarm (11/11)
   (You took it off a minotaur in a labyrinth)
 R - a +2 rod of clouds (9/9)
   (You found it in a labyrinth)
Jewellery
 y - a ring of protection from fire (right claw)
 z - an uncursed ring of see invisible
 F - a +4 ring of slaying (left claw)
Magical devices
 f - a wand of polymorph (1)
 l - a wand of fire (7)
 q - a wand of flame (17)
 r - a wand of invisibility (5)
 v - a wand of disintegration (5)
 A - a wand of polymorph (4)
 H - a wand of lightning (0)
 Z - a wand of draining (9)
Scrolls
 c - 5 scrolls of remove curse
 h - a scroll of enchant armour
 m - 3 scrolls of recharging
 n - 10 scrolls of teleportation
 t - 6 scrolls of identify
 w - a scroll of magic mapping
 B - 2 scrolls of holy word
 D - 2 scrolls of fog
 X - a scroll of blinking
Potions
 a - 3 potions of magic
 d - 12 potions of curing
 e - 4 potions of invisibility
 p - a potion of haste
 x - 4 potions of agility
 L - 4 potions of heal wounds
 W - a potion of might
Books
 s - a Grand Grimoire

   Spells                             Type                      Level
   a - Monstrous Menagerie            Summoning                    6
   b - Summon Greater Demon           Summoning                    7
   c - Malign Gateway                 Summoning/Translocation      7
   d - Summon Horrible Things         Summoning                    8
 J - a book of Air

   Spells                             Type                      Level
   a - Shock                          Conjuration/Air              1
   b - Swiftness                      Charms/Air                   2
   c - Repel Missiles                 Charms/Air                   2
   d - Static Discharge               Conjuration/Air              3
   e - Lightning Bolt                 Conjuration/Air              5
 N - a book of Cantrips

   Spells                             Type                      Level
   a - Corona                         Hexes                        1
   b - Animate Skeleton               Necromancy                   1
   c - Summon Small Mammal            Summoning                    1
   d - Apportation                    Translocation                1
 P - a book of Burglary

   Spells                             Type                      Level
   a - Swiftness                      Charms/Air                   2
   b - Passwall                       Transmutation/Earth          3
   c - Passage of Golubria            Translocation                4
   d - Lee's Rapid Deconstruction     Earth                        5
   e - Darkness                       Hexes                        6
   f - Invisibility                   Hexes                        6
 Q - a book of the Sky

   Spells                             Type                      Level
   a - Summon Lightning Spire         Summoning/Air                4
   b - Airstrike                      Air                          4
   c - Silence                        Hexes/Air                    5
   d - Deflect Missiles               Charms/Air                   6
   e - Conjure Ball Lightning         Conjuration/Air              6
   f - Tornado                        Air                          9
 S - the Reference Book on Creation and Enchantment
   (You found it in a labyrinth)

   Spells                             Type                      Level
   a - Summon Small Mammal            Summoning                    1
   b - Ensorcelled Hibernation        Hexes/Ice                    2
   c - Recall                         Summoning/Translocation      3
   d - Call Canine Familiar           Summoning                    3
   e - Summon Mana Viper              Hexes/Summoning              5
   f - Aura of Abjuration             Summoning                    5
 T - a book of Annihilations

   Spells                             Type                      Level
   a - Poison Arrow                   Conjuration/Poison           6
   b - Chain Lightning                Conjuration/Air              8
   c - Lehudib's Crystal Spear        Conjuration/Earth            8
   d - Glaciate                       Conjuration/Ice              9
   e - Fire Storm                     Conjuration/Fire             9
Miscellaneous
 V - a disc of storms
Comestibles
 b - 12 bread rations
 i - 8 royal jellies
 j - 2 meat rations
 C - 30 fruits


   Skills:
 + Level 10.2(15.2) Fighting
 - Level 9.0(14.0) Throwing
 + Level 11.7(16.7) Dodging
 - Level 1.1(6.1) Stealth
 + Level 13.7(18.7) Unarmed Combat
 + Level 5.1 Invocations
 - Level 8.0 Evocations


You had 14 spell levels left.
You didn't know any spells.

Dungeon Overview and Level Annotations

Branches:
Dungeon (14/15)            Temple (1/1) D:6            Lair (7/8) D:8
 Shoals (0/4) Lair:6        Snake (1/4) Lair:6          Orc (4/4) D:10
    Elf (0/3) Orc:3        Vaults (0/5) D:13
  Slime: Lair:6-8

Altars:
Cheibriados
Dithmenos
Fedhas
Gozag
Kikubaaqudgha
Nemelex Xobeh
Okawaru
Qazlal
Ru
Trog
Yredelemnul
Zin
Beogh

Shops:
D:11 (   D:12 [   Orc:4 ![%[=*

Annotations:
Lair:6 Snorg
Snake:1 Aizul


Innate Abilities, Weirdness & Mutations

You are too large for most types of armour.
You have claws for hands.
Your metabolism is lightning-fast.
You like to eat raw meat.
You heal very quickly.
You are covered in fur (AC +1).
You have very tough skin (AC +2).


Message History

The shock serpent shoots out a bolt of lightning at you!
The bolt of electricity hits you!
You wake up.
* * * LOW HITPOINT WARNING * * *
Read which item? (? for menu, Esc to quit)
As you read the scroll of fear, it crumbles to dust.
You assume a fearsome visage.
Aizul easily resists.
The shock serpent looks frightened!
The naga looks frightened!
Aizul coils himself and waves his upper body at you.
The bolt of poison misses you. Aizul completely misses you.
You barely miss Aizul.
Aizul is almost dead.
Aizul hits you!
* * * LOW HITPOINT WARNING * * *
You miss Aizul.
Aizul is almost dead.
Aizul hits you but does no damage.
You claw Aizul!
Aizul is almost dead.
Aizul hits you!
You die...

#.##.#....#
#....##...#
#......#....#
##...S#.#.......
###.......#.......
..........#N###...
....##......##. S.
#.....##.S.......
#
##......@#.......#
#.......#......##
##.#....#S..N..# #
#...........#
#.#....#....#
#...#.##....# ....
.# ..... ## ...###


You could see Aizul, a shock serpent (fleeing) and a naga (fleeing).

Vanquished Creatures
  Rupert (Lair:4)
  Gastronok (D:9)
  Azrael (D:14)
  An ettin (Orc:4)
  A minotaur (Lab)
  Josephine (D:12)
  Fannar (Orc:1)
  Harold (D:10)
  2 hydras
  A catoblepas (D:14)
  A naga sharpshooter (Snake:1)
  An orc high priest (Orc:4)
  An ogre mage (D:13)
  4 skeletal warriors (D:14)
  A deep troll (D:11)
  2 unseen horrors
  A mana viper (Snake:1)
  9 ugly things (D:14)
  A griffon (Lair:6)
  5 orc sorcerers
  5 black mambas
  2 cyclopes
  The ghost of Ajdolov the Basher, an experienced OgBe of Trog (D:5)
  2 manticores
  2 centaur zombies
  4 elephants
  Maurice (Orc:4)
  9 spiny frogs
  5 komodo dragons
  A kobold demonologist (D:14)
  3 trolls
  4 blink frogs (Lair:1)
  A polar bear (Lair:5)
  5 two-headed ogres
  A boulder beetle (Lair:5)
  2 trapdoor spiders (Lab)
  A shadow (D:14)
  Sigmund (D:6)
  A slime creature (D:13)
  2 fire elementals (D:14)
  A deep elf mage (D:13)
  Eustachio (D:6)
  47 yaks
  4 wraiths
  A steam dragon (Lair:5)
  7 hippogriffs
  2 basilisks (Lair:1)
  11 wolves
  Menkaure (D:5)
  2 soldier ants
  2 nagas (Lair:6)
  2 deep elf fighters
  2 mottled dragons (Lair:5)
  5 hell hounds (D:14)
  5 hungry ghosts
  11 water moccasins
  8 porcupines
  5 sky beasts
  4 eyes of draining
  2 black bears
  20 orc warriors
  13 ice beasts
  5 phantoms
  10 ogres
  A swamp drake (Lair:5)
  7 centaurs
  3 wasps
  30 giant frogs
  9 crocodiles
  Blork the orc (D:6)
  An elf zombie (Ossuary)
  4 big kobolds (D:14)
  A water moccasin skeleton (D:5)
  A wyvern skeleton (D:14)
  3 scorpions
  2 troll zombies (D:10)
  6 killer bees (D:9)
  4 wights (D:11)
  4 crimson imps
  An electric eel (Lair:4)
  A human zombie (Ossuary)
  7 hounds
  2 centaur skeletons
  5 jellies
  Crazy Yiuf (D:6)
  Jessica (D:3)
  5 giant frog skeletons
  Natasha (twice) (D:2)
  31 orc priests
  46 orc wizards
  8 worker ants
  8 iguanas
  A big kobold zombie (Ossuary)
  4 ogre zombies (D:10)
  10 sheep
  A hound zombie (Ossuary)
  5 mummies
  3 hound skeletons
  A worker ant zombie (D:5)
  6 gnolls
  107 river rats
  16 adders
  2 shadow imps
  5 oozes (D:13)
  6 adder zombies
  3 worms
  7 giant geckos
  163 orcs
  4 ball pythons
  4 giant cockroaches
  5 goblins
  10 hobgoblins
  5 jackals
  11 kobolds
  3 quokkas
  6 bats
  A giant gecko zombie (D:6)
  5 giant newts
  2 goblin zombies
  A hobgoblin skeleton (D:10)
  2 hobgoblin zombies (D:10)
  3 jackal zombies (Ossuary)
  2 orc skeletons (D:10)
  12 orc zombies (D:10)
  9 rats
  A rat zombie (Ossuary)
882 creatures vanquished.

Vanquished Creatures (collateral kills)
  3 orcs (Orc:4)
3 creatures vanquished.

Vanquished Creatures (others)
  4 orcs (Orc:1)
  21 fungi
  7 plants
32 creatures vanquished.

Grand Total: 917 creatures vanquished

Notes
Turn   | Place    | Note
--------------------------------------------------------------
     0 | D:1      | shakdrar the Troll Monk began the quest for the Orb.
     0 | D:1      | Reached XP level 1. HP: 22/22 MP: 0/0
   211 | D:1      | Reached XP level 2. HP: 17/29 MP: 1/1
   858 | D:2      | Reached XP level 3. HP: 29/36 MP: 2/2
   950 | D:2      | Found an iron altar of Okawaru.
   954 | D:2      | Became a worshipper of Warmaster Okawaru
   954 | D:2      | Acquired Okawaru's first power
  1424 | D:2      | Reached XP level 4. HP: 39/44 MP: 3/3
  1478 | D:2      | Reached skill level 5 in Unarmed Combat
  1546 | D:2      | Noticed Natasha
  1555 | D:2      | Killed Natasha
  1798 | D:2      | Noticed Natasha
  1804 | D:2      | Killed Natasha
  1861 | D:2      | Found a basalt altar of Yredelemnul.
  2007 | D:3      | Noticed Jessica
  2009 | D:3      | Killed Jessica
  2009 | D:3      | Reached XP level 5. HP: 53/53 MP: 4/4
  2043 | D:3      | Found a bloodstained altar of Trog.
  2704 | D:3      | Noticed a sky beast
  2760 | D:3      | Killed a sky beast
  2760 | D:3      | Reached XP level 6. HP: 29/61 MP: 5/5
  2949 | D:4      | Found a sand-covered staircase.
  2957 | Ossuary  | Entered an ossuary
  2995 | Ossuary  | Reached skill level 6 in Unarmed Combat
  3086 | Ossuary  | Reached XP level 7. HP: 57/70 MP: 6/6
  3475 | D:4      | Found a shadowy altar of Dithmenos.
  4113 | D:5      | Entered Level 5 of the Dungeon
  4144 | D:5      | Found a shadowy altar of Dithmenos.
  4176 | D:5      | Noticed Ajdolov's ghost (experienced OgBe)
  4181 | D:5      | Reached skill level 5 in Dodging
  4181 | D:5      | Reached skill level 7 in Unarmed Combat
  4186 | D:5      | Reached XP level 8. HP: 16/79 MP: 7/7
  4505 | D:5      | Killed Ajdolov's ghost
  4505 | D:5      | Reached skill level 5 in Fighting
  4581 | D:5      | Reached skill level 8 in Unarmed Combat
  4702 | D:5      | Noticed Menkaure
  4715 | D:5      | Killed Menkaure
  4715 | D:5      | Acquired Okawaru's second power
  4842 | D:6      | Noticed Eustachio
  4855 | D:6      | Killed Eustachio
  4855 | D:6      | Reached XP level 9. HP: 58/88 MP: 8/8
  4965 | D:6      | Reached skill level 1 in Invocations
  4992 | D:6      | Found a blossoming altar of Fedhas.
  5015 | D:6      | Noticed Sigmund
  5026 | D:6      | Killed Sigmund
  5242 | D:6      | Received a gift from Okawaru
  5443 | D:6      | Found a staircase to the Ecumenical Temple.
  5451 | D:6      | Gained mutation: You evolve. [potion of mutation]
  5451 | D:6      | Gained mutation: Your flesh is heat resistant. [potion of mutation]
  5451 | D:6      | Gained mutation: Your spells are a little harder to cast, but a little more powerful. [potion of mutation]
  5521 | D:6      | Lost mutation: Your spells are a little harder to cast, but a little more powerful. [potion of cure mutation]
  5521 | D:6      | Lost mutation: Your flesh is heat resistant. [potion of cure mutation]
  5521 | D:6      | Lost mutation: You evolve. [potion of cure mutation]
  5527 | Temple   | Entered the Ecumenical Temple
  5557 | D:6      | Reached skill level 9 in Unarmed Combat
  5559 | D:6      | Noticed Blork the orc
  5621 | D:6      | Killed Blork the orc
  5736 | D:6      | Noticed Crazy Yiuf
  5746 | D:6      | Killed Crazy Yiuf
  6152 | D:7      | Found an ancient bone altar of Kikubaaqudgha.
  6482 | D:8      | Found a staircase to the Lair.
  6506 | D:8      | Reached XP level 10. HP: 100/100 MP: 11/11
  7059 | Lair:1   | Entered Level 1 of the Lair of Beasts
  7212 | Lair:1   | Received a gift from Okawaru
  7374 | Lair:1   | Noticed a black mamba
  7387 | Lair:1   | Killed a black mamba
  7577 | Lair:1   | Reached skill level 10 in Unarmed Combat
  8156 | Lair:1   | Reached skill level 5 in Invocations
  8350 | Lair:1   | Reached XP level 11. HP: 74/109 MP: 13/13
  8409 | Lair:1   | Reached skill level 1 in Evocations
  9054 | Lair:2   | Received a gift from Okawaru
 10078 | Lair:3   | Reached skill level 5 in Evocations
 10923 | Lair:3   | Received a gift from Okawaru
 11427 | Lair:3   | Reached XP level 12. HP: 77/119 MP: 11/16
 12084 | Lair:4   | Noticed Rupert
 12094 | Lair:4   | Paralysed by Rupert for 2 turns
 12120 | Lair:4   | Killed Rupert
 12745 | Lair:4   | Reached skill level 11 in Unarmed Combat
 13179 | Lair:5   | Received a gift from Okawaru
 13263 | Lair:5   | Noticed a seven-headed hydra
 13400 | Lair:5   | Reached skill level 10 in Dodging
 14178 | Lair:6   | Received a gift from Okawaru
 14777 | Lair:6   | Found a staircase to the Snake Pit.
 14902 | Lair:6   | Found a staircase to the Shoals.
 15125 | Lair:6   | Noticed a five-headed hydra
 15138 | Lair:6   | Killed a five-headed hydra
 15138 | Lair:6   | Reached XP level 13. HP: 72/128 MP: 17/17
 15377 | Lair:6   | Noticed an eight-headed hydra
 15472 | Lair:7   | Reached skill level 12 in Unarmed Combat
 15591 | Lair:7   | Noticed Snorg
 16142 | D:9      | Noticed Gastronok
 16154 | D:9      | Killed Gastronok
 16185 | D:9      | Found a sacrificial altar of Ru.
 16715 | D:10     | Entered Level 10 of the Dungeon
 16809 | D:10     | Found a snail-covered altar of Cheibriados.
 17077 | D:10     | Noticed Harold
 17090 | D:10     | Killed Harold
 17090 | D:10     | Reached skill level 1 in Throwing
 17163 | D:10     | Found a staircase to the Orcish Mines.
 17256 | D:10     | Received a gift from Okawaru
 17658 | D:11     | Found a labyrinth entrance.
 17670 | Lab      | Entered a labyrinth
 18030 | Lab      | Identified the Reference Book on Creation and Enchantment
 18230 | D:11     | Found Miklyr's Antique Weapon Shoppe.
 18244 | D:11     | Reached skill level 5 in Throwing
 18581 | D:12     | Found Qicw's Armour Boutique.
 18787 | D:12     | Noticed Josephine
 18795 | D:12     | Killed Josephine
 18848 | D:12     | Received a gift from Okawaru
 19618 | D:13     | Found a gate to the Vaults.
 19929 | D:13     | Identified a +2 rod of clouds (9/9) (You found it in a labyrinth)
 19931 | D:13     | Identified a +2 rod of the swarm (11/11) (You took it off a minotaur in a labyrinth)
 20107 | D:13     | Reached XP level 14. HP: 140/140 MP: 19/19
 20173 | D:14     | Found an opulent altar of Gozag.
 20191 | D:14     | Reached XP level 15. HP: 148/148 MP: 20/20
 20268 | D:14     | Found a sparkling altar of Nemelex Xobeh.
 20597 | D:14     | Noticed Azrael
 20613 | D:14     | Killed Azrael
 20613 | D:14     | Reached skill level 13 in Unarmed Combat
 21427 | Orc:1    | Entered Level 1 of the Orcish Mines
 22336 | Orc:3    | Found a staircase to the Elven Halls.
 23056 | Orc:1    | Noticed Fannar
 23138 | Orc:1    | Reached skill level 10 in Fighting
 23149 | Orc:1    | Killed Fannar
 23486 | Orc:4    | Entered Level 4 of the Orcish Mines
 23594 | Orc:4    | Found Ovehosm's Assorted Antiques.
 23654 | Orc:4    | Bought a fluorescent wand for 112 gold pieces
 23654 | Orc:4    | Bought a scroll labeled XOEXIUQ TEGITS for 28 gold pieces
 23654 | Orc:4    | Bought a forked glass wand for 112 gold pieces
 23654 | Orc:4    | Bought a scroll labeled WAWAUNKAVUG for 28 gold pieces
 23809 | Orc:4    | Found a roughly hewn altar of Beogh.
 23832 | Orc:4    | Found Nitoq's Armour Boutique.
 23978 | Orc:4    | Noticed Maurice
 24014 | Orc:4    | Killed Maurice
 24097 | Orc:4    | Received a gift from Okawaru
 24230 | Orc:4    | Found Weahom's Food Shop.
 24230 | Orc:4    | Found Vyufaim's Distillery.
 24242 | Orc:4    | Found Xezuchir's Armour Boutique.
 24245 | Orc:4    | Found Riecif's Jewellery Boutique.
 24261 | Orc:4    | Bought an uncursed ring of see invisible for 270 gold pieces
 24328 | Orc:4    | Received a gift from Okawaru
 24335 | Orc:4    | Got a translucent hat {god gift}
 24336 | Orc:4    | Identified the +2 hat of Creativity {rF+ rCorr Str-3} (Okawaru gifted it to you on level 4 of the Orcish Mines)
 24895 | Snake:1  | Entered Level 1 of the Snake Pit
 25050 | Snake:1  | Noticed Aizul
 25075 | Snake:1  | Slain by Aizul

Vault maps used:
D:1:      minmay_arrival_shattered_statue
D:2:      overflow_temple_1_default, lemuel_coloured_pillars_altar, uniq_natasha
D:3:      lemuel_crystal_altar, uniq_jessica
D:4:      mumra_celtic_spiral_tile, first_bread, gup_ossuary_entry_pyramid,
          nicolae_dithmenos_the_darkroom
D:5:      overflow_temple_1_default, hangedman_decor_peaks_small,
          serial_bayou_pond_e, hangedman_abyss_or_decor_stabs, uniq_menkaure
D:6:      minmay_temple_entry_statues_pillars, fedhas_altar_2, uniq_sigmund,
          uniq_blork_the_orc, uniq_crazy_yiuf_cottage, uniq_eustachio
D:7:      lemuel_round_altar
D:8:      lair_0_dummy
D:9:      nicolae_ru_sacrificial_ziggurat, uniq_gastronok
D:10:     zombieorc1_lemuel, basic_altar, uniq_harold
D:11:     serial_shops, shop, lab_entry_generic
D:12:     serial_shops, nicolae_shop_waterfront, uniq_josephine
D:13:     david_vaults_2, hangedman_little_slice_of_home
D:14:     basic_altar, nicolae_gozag_cash_rules_everything_around_me,
          uniq_azrael
Temple:   nicolae_temple_god_jail
Lair:1:   infiniplex_staircase_pool_2
Lair:3:   portal_ice_cave_entry_ice_beasts
Lair:4:   lemuel_fruit_tree, serial_bayou_shore_b, uniq_rupert
Lair:5:   guppyfry_lair_drakes
Lair:6:   minmay_shoals_entry_beasts, guppyfry_snake_entry_garden,
          grunt_forest_large_clearings
Lair:7:   nicolae_quartered_pool_little, grunt_megastairs_2, uniq_snorg
Snake:1:  serial_bayou_ford_a, uniq_aizul, uniq_nikola
Orc:1:    uniq_fannar
Orc:3:    nicolae_orc_pool_cavern, minmay_orc_keep
Orc:4:    st_orc_mages, serial_shops, nicolae_shop_overgrown_old_shop,
          nicolae_shop_trees, basic_altar, uniq_maurice
Lab:      labyrinth_watery, nicolae_lab_t_cross, nicolae_lab_big_swirl
Ossuary:  ossuary_minmay_tomb_2a

Action                   |  1- 3 |  4- 6 |  7- 9 | 10-12 | 13-15 || total
-------------------------+-------+-------+-------+-------+-------++-------
Melee: Unarmed           |   105 |   154 |   290 |   915 |  1157 ||  2621
 Fire: Blowgun           |       |       |       |       |    11 ||    11
Invok: Finesse           |       |       |       |     1 |       ||     1
       Heroism           |       |       |       |     3 |     5 ||     8
Evoke: Wand              |       |       |       |    16 |    17 ||    33
  Use: Scroll            |     3 |     4 |     6 |     7 |    18 ||    38
       Potion            |       |       |     9 |     8 |     4 ||    21
 Stab: Sleeping          |     1 |     4 |     5 |     7 |     1 ||    18
       Distracted        |       |       |     1 |     1 |       ||     2
  Eat: Chunk             |    14 |    11 |    31 |    74 |    53 ||   183
       Meat ration       |       |       |     1 |     2 |     2 ||     5
       Beef jerky        |       |       |       |       |     5 ||     5
       Bread ration      |       |       |       |       |     3 ||     3
       Royal jelly       |       |       |       |       |     3 ||     3
       Pizza             |       |       |       |       |     1 ||     1
